 Dungeon Crawl Stone Soup version 0.31-a0-161-gb58dd9be76 (webtiles) character file.

Game seed: 16828568003384208689

65 mopl the Digger (level 3, -4/26 HPs)
             Began as a Draconian Earth Elementalist on June 12, 2023.
             Slain by Edmund
             ... wielding a +2 dire flail of protection
              (6 damage)
             ... on level 4 of the Dungeon.
             The game lasted 00:02:46 (2020 turns).

mopl the Digger (Draconian Earth Elementalist)      Turns: 2020, Time: 00:02:47

Health: -4/26      AC:  9    Str: 10    XL:     3   Next: 94%
Magic:  3/7        EV: 12    Int: 17    God:
Gold:   203        SH:  0    Dex: 11    Spells: 7/8 levels left

rFire   + . .        a - +1 dagger (venom)
rCold   . . .        (no shield)
rNeg    . . .        (body armour unavailable)
rPois   .            (helmet restricted)
rElec   .            (no cloak)
rCorr   .            (no gloves)
SInv    .            (no boots)
Will    .....        (no amulet)
Stlth   ++           h - ring of protection from fire
HPRegen 0.24/turn    i - +4 ring of protection
MPRegen 0.10/turn

%: no passive effects
@: hasted, very quick
A: AC +5, unfitting armour, cold-blooded
a: no special abilities


You were on level 4 of the Dungeon.
You visited 1 branch of the dungeon, and saw 4 of its levels.

You collected 203 gold pieces.

Inventory:

Hand Weapons
 a - a +1 dagger of venom (weapon)
Missiles
 m - 3 poisoned darts
 n - 2 throwing nets
 q - 4 silver boomerangs
Magical Staves
 e - a staff of air
Jewellery
 h - a ring of protection from fire (left hand)
 i - a +4 ring of protection (right hand)
Scrolls
 b - a scroll of identify
 c - a scroll of revelation {unknown}
 f - a scroll of poison {unknown}
 j - 2 scrolls of teleportation {unknown}
Potions
 d - 2 potions of magic
 g - 2 potions of heal wounds {unknown}
 l - 2 potions of might {unknown}
 o - a potion of curing {unknown}
 p - a potion of enlightenment {unknown}


   Skills:
 - Level 1.7 Dodging
 - Level 1.7 Stealth
 + Level 3.1 Spellcasting
 - Level 1.0 Transmutations
 + Level 4.0 Earth Magic


You had 7 spell levels left.
You knew the following spells:

 Your Spells              Type           Power      Damage    Failure   Level
a - Sandblast             Erth           32%        2d9       3%          1

Your spell library contained the following spells:

 Spells                   Type           Power      Damage    Failure   Level
 Passwall                 Tmut/Erth      9%         N/A       10%         2
 Slow                     Hex            8%         N/A       17%         1
 Stone Arrow              Conj/Erth      18%        3d8       22%         3
 Confusing Touch          Hex            2%         N/A       45%         3
 Vampiric Draining        Necr           2%         2d6       45%         3
 Petrify                  Tmut/Erth      11%        N/A       52%         4


Dungeon Overview and Level Annotations

Branches:
Dungeon (4/15)
 Temple: D:4-7

Altars:
Nemelex Xobeh
Sif Muna

Annotations:
D:3 3 runed translucent doors, caveywoolpert's ghost, amateur GrEE
D:4 Edmund


Innate Abilities, Weirdness & Mutations

Your plain brown scales are hard. (AC +5)
You cannot fit into any form of body armour.
You are cold-blooded and may be slowed by cold attacks.


Message History

The dart slug is almost dead.
The dart slug barely misses you.
You hit the dart slug.
You kill the dart slug!
No target in view!
Magic restored.
As you open the door, it creaks loudly!
Edmund the Younger comes into view.
He is wielding a +2 dire flail of protection, wearing a +1 leather armour of poison resistance and carrying a wand of flame (23).
Edmund shouts!
The blast of sand hits Edmund but does no damage.
Edmund zaps a wand.
The puff of flame misses you.
Edmund zaps a wand.
The puff of flame hits you. You resist.
The blast of sand hits Edmund.
Edmund is lightly wounded.
Edmund hits you but does no damage.
The blast of sand hits Edmund.
Edmund is lightly wounded.
Edmund barely misses you.
Edmund zaps a wand.
The puff of flame hits you. You resist.
The blast of sand misses Edmund.
Edmund hits you with a +2 dire flail of protection.
The blast of sand hits Edmund.
Edmund is moderately wounded.
Edmund hits you with a +2 dire flail of protection!
Edmund zaps a wand.
The puff of flame hits you but does no damage.
You are too injured to fight recklessly!
You are too injured to fight recklessly!
You are too injured to fight recklessly!
You aren't carrying any items that you can evoke.
Okay, then.
Okay, then.
As you read the scroll labelled SYWOOSTRIFO, it crumbles to dust.
It is a scroll of identify.
k - a potion of haste Edmund hits you with a +2 dire flail of protection!
* * * LOW HITPOINT WARNING * * *
You feel yourself speed up.
Edmund hits you with a +2 dire flail of protection.
You die...

#.#........#
.#........#
.......#.
....... .....
... #'# #@# #@#
#.#
#.#############
#.............#
#############.#
#.# #.#
##############
#.#
..#.............
#.#


You could see Edmund.

Vanquished Creatures
  4 dart slugs
  7 endoplasms
  8 goblins
  3 hobgoblins (D:1)
  4 jackals
  A quokka (D:3)
  4 ball pythons
  6 bats
  5 frilled lizards
  10 kobolds
  3 rats
55 creatures vanquished.

Notes
Turn   | Place    | Note
-------+----------+-------------------------------------------
     0 | D:1      | mopl the Draconian Earth Elementalist began the quest for
                  | the Orb.
     0 | D:1      | Reached XP level 1. HP: 14/14 MP: 3/3
    84 | D:1      | Reached XP level 2. HP: 20/20 MP: 0/5
   267 | D:1      | Reached XP level 3. HP: 24/26 MP: 4/7
  1140 | D:2      | Found a faded altar of an unknown god.
  1297 | D:3      | Found a sparkling altar of Nemelex Xobeh.
  1335 | D:3      | Noticed caveywoolpert's ghost (amateur GrEE)
  1345 | D:3      | Reached skill level 3 in Spellcasting
  1355 | D:3      | Found a runed translucent gate.
  1355 | D:3      | Found a runed translucent gate.
  1355 | D:3      | Found a runed translucent gate.
  1577 | D:3      | Reached skill level 4 in Earth Magic
  1686 | D:3      | Found a shimmering blue altar of Sif Muna.
  2012 | D:4      | Noticed Edmund
  2020 | D:4      | Slain by Edmund

Illustrated notes

Levels and vault maps discovered:
D:1:      wander_arrival_peaceful_grave, layout_loops_ring,
          kennysheep_nondescript
D:2:      layout_loops_ring, shapermc_ecumenical_altar_notcrosses
D:3:      layout_loops_ring, lemuel_round_altar, lemuel_blue_sif_altar,
          gammafunk_ghost_split
D:4:      layout_basic, mainiacjoe_overflow_surrounded_room, serial_shops,
          nicolae_shop_competitors_out_of_business, shop,
          nicolae_shop_hallway_plus, shop, uniq_edmund

Skill      XL: |  1  2  3 |
---------------+----------+-----
Spellcasting   | 3 |  3.1
Earth Magic    | 4 |  4.0
Dodging        | |  1.7
Stealth        | |  1.7
Transmutations | |  1.0

Action                     || total
---------------------------++-------
  Melee: Unarmed           ||    28
         Tailslap          ||     7
         Dagger            ||    24
   Cast: Sandblast         ||    59
    Use: Scroll            ||     1
         Potion            ||     1
 Armour: Skin              ||    25
  Dodge: Dodged            ||    44

Table legend: (Time is in decaauts)
 A = Elapsed time spent in this place.
 B = Non-inter-level travel time spent in this place.
 C = Inter-level travel time spent in this place.
 D = Time resting spent in this place.
 E = Time spent auto-exploring this place.
 F = Levels seen in this place.
 G = Mean time per level.
                   A        B        C        D        E       F      G
               +--------+--------+--------+--------+--------+-----+--------+
         Total |   2050 |   2006 |     44 |      0 |   1660 |   4 |  512.5 |
       Dungeon |   2050 |   2006 |     44 |      0 |   1660 |   4 |  512.5 |
               +--------+--------+--------+--------+--------+-----+--------+

Top non-repeatable levels by time:
     D:3: 685 daAuts
     D:1: 684 daAuts
     D:2: 592 daAuts
     D:4: 87 daAuts
